 Dungeon Crawl Stone Soup version 0.17-a0-1197-g2d00c63 (webtiles) character file.

76641 Kidiri the Warrior (level 15, -9/141 HPs)
             Began as a Minotaur Fighter on June 2, 2015.
             Was the Champion of Okawaru.
             Blown up by an orb spider (41 damage)
             ... with an orb of destruction
             ... on level 1 of the Spider Nest on June 3, 2015.
             The game lasted 02:37:39 (25332 turns).

Kidiri the Warrior (Minotaur Fighter)              Turns: 25332, Time: 02:37:39

Health: -9/141     AC: 25    Str: 35      XL:     15   Next: 13%
Magic:  0/19       EV:  9    Int:  7 (10) God:    Okawaru [******]
Gold:   965        SH: 28    Dex: 18      Spells: 0 memorised, 14 levels left

rFire  . . .     SeeInvis .     X - +11 hand axe of the Purple Skies {pain, +Blink}
rCold  + . .     Clarity  +     m - +1 chain mail {rPois}
rNeg   . . .     SustAt   .     c - +5 large shield {rC+}
rPois  +         Gourm    .     Y - +2 hat {Int+3}
rElec  .         Spirit   +     S - +2 cloak {rPois}
rCorr  .         Warding  .     (no gloves)
rMut   .         Stasis   .     D - +2 pair of boots {Stlth+}
MR     +....                    t - amulet of guardian spirit
Stlth  ..........               W - +6 ring of dexterity
                                w - +6 ring of strength

@: somewhat resistant to hostile enchantments, extremely unstealthy
A: retaliatory headbutt, horns 2, repulsion field 1, yellow scales 1, agile 1,
clarity, clever 1, strong 1, subdued magic 1
a: Heroism, Finesse, Renounce Religion, Evoke Blink


You were on level 1 of the Spider Nest.
You worshipped Okawaru.
Okawaru was exalted by your worship.
You were not hungry.

You visited 4 branches of the dungeon, and saw 19 of its levels.

You collected 1745 gold pieces.
You spent 780 gold pieces at shops.

Inventory:

Hand weapons
 f - the +4 trident of Okawaru's Hope {freeze, rPois Int+5}
   (Okawaru gifted it to you on level 1 of the Spider Nest)

   It has been specially enchanted to freeze those struck by it, causing extra
   injury to most foes and up to half again as much damage against particularly
   susceptible opponents.
   It can also slow down cold-blooded creatures.
   It affects your intelligence (+5).
   It protects you from poison.
 k - a +2 spear of piercing
 y - a +1 spear of freezing
 X - the +11 hand axe of the Purple Skies (weapon) {pain, +Blink}
   (You found it on level 8 of the Lair of Beasts)

   In the hands of one skilled in necromantic magic, it inflicts extra damage on
   living creatures.
   It lets you blink.
Armour
 c - a +5 large shield of cold resistance (worn)
 m - a +1 chain mail of poison resistance (worn)
 D - a +2 pair of boots of stealth (worn)
 S - a +2 cloak of poison resistance (worn)
 Y - a +2 hat of intelligence (worn)
Jewellery
 b - an uncursed ring of flight
 g - an uncursed amulet of rage
 q - an uncursed amulet of stasis
 t - an amulet of guardian spirit (around neck)
 u - an uncursed ring of invisibility
 w - a +6 ring of strength (left hand)
 A - an uncursed ring of see invisible
 W - a +6 ring of dexterity (right hand)
Magical devices
 j - a wand of magic darts (28)
 n - a wand of frost (35)
 v - a wand of random effects (30)
 B - a wand of fire (3)
 G - a wand of polymorph (17)
 H - a wand of flame (25)
 I - a wand of disintegration (24)
 J - a wand of lightning (8)
 K - a wand of digging (15)
 L - a wand of cold (9)
 O - a wand of frost (19)
 P - a wand of enslavement (16)
 Q - a wand of lightning (10)
 U - a wand of cold (7)
 V - a wand of fire (6)
Scrolls
 a - 4 scrolls of remove curse
 o - 5 scrolls of magic mapping
 p - 5 scrolls of teleportation
 C - 3 scrolls of fog
 R - a scroll of fear
Potions
 d - 3 potions of might
 h - 11 potions of curing
 r - a potion of magic
 E - 4 potions of agility
 F - 4 potions of cancellation
 N - a potion of invisibility
 T - a potion of flight
Comestibles
 e - 3 bread rations
 i - 22 fruits


   Skills:
 * Level 15.4 Fighting
 * Level 14.8 Polearms
 * Level 15.1 Armour
 * Level 14.9 Shields
 + Level 6.9 Invocations
 + Level 5.7 Evocations


You had 14 spell levels left.
You didn't know any spells.

Dungeon Overview and Level Annotations

Branches:
Dungeon (9/15)             Temple (1/1) D:4            Lair (8/8) D:9
 Shoals (0/4) Lair:4       Spider (1/4) Lair:5        Slime (0/6) Lair:7
    Orc: D:9-12

Altars:
Ashenzari
Cheibriados
Dithmenos
Elyvilon
Fedhas
Gozag
Kikubaaqudgha
Makhleb
Nemelex Xobeh
Okawaru
Qazlal
Ru
Sif Muna
Trog
Vehumet
Xom
Yredelemnul
Zin
The Shining One
Jiyva

Shops:
D:6 ?!

Annotations:
Lair:2 exclusion: oklob plant


Innate Abilities, Weirdness & Mutations

You reflexively headbutt those who attack you in melee.
You have a pair of horns on your head.
You are surrounded by a mild repulsion field (EV +2).
You are partially covered in yellow scales (AC +2).
You are agile. (Dex +2)
You possess an exceptional clarity of mind.
Your mind is acute. (Int +2)
Your muscles are strong. (Str +2)
Your spells are a little easier to cast, but a little less powerful.


Message History

You block the jumping spider's attack. x2
The jumping spider pounces on you but does no damage.
You block the jumping spider's attack.
The jumping spider leaps!
The jumping spider closely misses you. You furiously retaliate!
You headbutt the jumping spider!
You kill the jumping spider!
Okawaru accepts your kill.
The orb spider spins a strand of pure energy.
The orb spider weaves a glowing orb of energy.
The jumping spider leaps!
You block the orb of destruction.
The orb of destruction dissipates.
The orb spider weaves a glowing orb of energy.
The orb spider begins to weave its threads into a brightly glowing ball.
The orb spider spins a strand of pure energy.
The jumping spider leaps!
You barely miss the orb spider. You headbutt the orb spider.
The orb spider is almost dead.
The orb spider pulsates with a strange energy.
The orb of destruction hits you!
You die...

#....#.#.....#....
#.§..#.#.......#†.
#s§..#........#†..
#.§.........#..†..
#.§s..........†...
#.§...###...###...
#.§†.....#!#......
#§#††###.###.###..
#@......## ##. ...
#.......# .....
#.s..###^# ###..
#..s... .# .#
#.?#..###. ##
#....... ss
#...##...s## #...#
... s #... ..# .


You could see 4 orb spiders.

Vanquished Creatures
  Gastronok (Lair:3)
  3 azure jellies (Lair:7)
  Maud (Lair:3)
  Snorg (Lair:8)
  An ice dragon (Lair:8)
  Fannar (Lair:2)
  5 hydras
  Erica (D:8)
  7 death yaks
  Urug (Lair:2)
  A lindwurm (Lair:8)
  An orb spider (Spider:1)
  5 wolf spiders
  A griffon (Lair:4)
  19 elephants
  2 hornets (Spider:1)
  11 black mambas
  A guardian serpent (Lair:8)
  Joseph (D:8)
  Psyche (D:9)
  7 torpor snails
  5 demonic crawlers (Spider:1)
  5 jumping spiders (Spider:1)
  9 komodo dragons
  3 fire drakes
  20 spiny frogs
  2 polar bears
  2 giant leeches (Lair:8)
  15 blink frogs
  A snapping turtle (Lair:4)
  5 redbacks
  56 yaks
  4 tarantellas (Spider:1)
  2 trapdoor spiders (Spider:1)
  3 wyverns
  A hungry ghost (D:9)
  3 basilisks
  Menkaure (D:4)
  25 water moccasins
  7 hippogriffs
  14 wolves
  Duvessa (D:4)
  A sky beast (D:8)
  13 porcupines
  2 black bears
  16 spiders
  5 ogres
  An orc warrior (D:8)
  6 wasps
  A necrophage (D:8)
  2 phantoms
  An ice beast (Lair:2)
  24 crocodiles
  3 centaurs
  A big kobold (D:8)
  5 brain worms
  12 giant frogs
  A wyvern zombie (D:7)
  Dowan (D:4)
  A water moccasin skeleton (D:6)
  5 wights (D:8)
  4 scorpions
  An electric eel (Lair:4)
  2 crimson imps
  4 jellies
  2 orc priests (D:5)
  A giant frog skeleton (D:4)
  5 hounds
  6 hell rats (Lair:5)
  8 orc wizards
  Natasha (thrice) (D:2)
  15 iguanas
  14 worker ants
  A killer bee zombie (D:5)
  26 sheep
  A mummy (D:8)
  A hound skeleton (D:9)
  4 gnolls (D:7)
  45 river rats
  14 adders
  A shadow imp (D:6)
  2 oozes
  An adder zombie (D:5)
  17 worms
  4 giant geckos
  34 orcs
  2 ball pythons
  13 bats
  A bat skeleton (D:7)
  A bat zombie (D:5)
  8 giant cockroaches
  15 goblins
  8 hobgoblins
  8 jackals
  11 kobolds
  4 quokkas
  6 giant newts
  19 rats
  A bush (Lair:7)
  2 fungi (Lair:8)
  3 plants (Lair:8)
675 creatures vanquished.

Vanquished Creatures (others)
  12 fungi
  9 plants
21 creatures vanquished.

Grand Total: 696 creatures vanquished

Notes
Turn   | Place    | Note
--------------------------------------------------------------
     0 | D:1      | Kidiri the Minotaur Fighter began the quest for the Orb.
     0 | D:1      | Reached XP level 1. HP: 19/19 MP: 0/0
   159 | D:1      | Reached XP level 2. HP: 25/27 MP: 1/1
   338 | D:1      | Reached skill level 4 in Fighting
   930 | D:2      | Reached XP level 3. HP: 33/33 MP: 2/2
  1051 | D:2      | Noticed Natasha
  1067 | D:2      | Killed Natasha
  1419 | D:2      | Noticed Natasha
  1426 | D:2      | Killed Natasha
  1426 | D:2      | Reached XP level 4. HP: 39/41 MP: 3/3
  1612 | D:2      | Noticed Natasha
  1645 | D:2      | Killed Natasha
  1846 | D:3      | Found a bloodstained altar of Trog.
  1958 | D:3      | Found a basalt altar of Yredelemnul.
  2171 | D:3      | Reached XP level 5. HP: 34/47 MP: 4/4
  2808 | D:4      | Noticed an ogre
  2822 | D:4      | Killed an ogre
  2822 | D:4      | Reached skill level 5 in Fighting
  2822 | D:4      | Reached skill level 5 in Armour
  2822 | D:4      | Reached skill level 5 in Shields
  2822 | D:4      | Reached XP level 6. HP: 53/56 MP: 5/5
  2904 | D:4      | Found a staircase to the Ecumenical Temple.
  2915 | Temple   | Entered the Ecumenical Temple
  3030 | D:4      | Noticed Duvessa
  3032 | D:4      | Noticed Dowan
  3042 | D:4      | Killed Duvessa
  3042 | D:4      | Reached skill level 1 in Evocations
  3045 | D:4      | Killed Dowan
  3045 | D:4      | Reached skill level 5 in Polearms
  3215 | D:4      | Noticed Menkaure
  3221 | D:4      | Killed Menkaure
  3221 | D:4      | Reached XP level 7. HP: 57/62 MP: 6/6
  3342 | D:4      | Reached skill level 6 in Fighting
  3528 | D:5      | Entered Level 5 of the Dungeon
  3958 | D:5      | Found a stormy altar of Qazlal.
  4099 | D:5      | Found an iron altar of Okawaru.
  4118 | D:5      | Reached XP level 8. HP: 57/71 MP: 6/8
  4372 | D:5      | Found a snail-covered altar of Cheibriados.
  4580 | D:5      | Reached skill level 7 in Armour
  4737 | D:6      | Found Othutemu's Distillery.
  4899 | D:6      | Found Ataod's Magic Scroll Shoppe.
  4945 | D:6      | Bought a potion of curing for 33 gold pieces
  4945 | D:6      | Bought a potion of curing for 33 gold pieces
  5521 | D:7      | Reached XP level 9. HP: 79/81 MP: 10/10
  5552 | D:7      | Found Zin's Purification Station.
  5555 | D:7      | Found a glowing silver altar of Zin.
  5574 | D:7      | Bought a potion of curing for 90 gold pieces
  5663 | D:7      | Found a shattered altar of Ashenzari.
  5681 | D:7      | Found a shadowy altar of Dithmenos.
  5886 | D:7      | Reached skill level 8 in Fighting
  6343 | D:8      | Noticed Erica
  6359 | D:8      | Killed Erica
  6602 | D:8      | Reached skill level 9 in Fighting
  6873 | D:8      | Found a radiant altar of Vehumet.
  6876 | D:8      | Found a deep blue altar of Sif Muna.
  6876 | D:8      | Found an ancient bone altar of Kikubaaqudgha.
  6883 | D:8      | Identified Kikubaaqudgha's Catalogue of Dark Magic
  6893 | D:8      | Identified Vehumet's Guide on Conjuration
  6903 | D:8      | Identified Sif Muna's Handbook of the Compass
  7033 | D:8      | Noticed Joseph
  7060 | D:8      | Killed Joseph
  7060 | D:8      | Reached XP level 10. HP: 53/91 MP: 9/12
  7743 | D:9      | Found a staircase to the Lair.
  7810 | D:9      | Noticed Psyche
  7833 | D:9      | Paralysed by Psyche for 3 turns
  7840 | D:9      | Killed Psyche
  8636 | D:9      | Reached skill level 10 in Fighting
  8758 | Lair:1   | Entered Level 1 of the Lair of Beasts
  9047 | Lair:1   | Reached skill level 10 in Armour
  9060 | Lair:1   | Reached skill level 5 in Evocations
  9432 | D:6      | Bought a scroll of acquirement for 624 gold pieces
  9722 | Lair:1   | Reached XP level 11. HP: 80/101 MP: 10/13
  9811 | Lair:1   | Reached skill level 10 in Shields
 10102 | Lair:1   | Reached skill level 10 in Polearms
 10662 | Lair:2   | Reached skill level 11 in Fighting
 10762 | Lair:2   | Noticed Urug
 10785 | Lair:2   | Killed Urug
 11158 | D:5      | Became a worshipper of Warmaster Okawaru
 11331 | Lair:2   | Noticed Fannar
 11375 | Lair:2   | Killed Fannar
 11478 | Lair:2   | Acquired Okawaru's first power
 11478 | Lair:2   | Reached skill level 1 in Invocations
 12206 | Lair:3   | Gained mutation: You are surrounded by a mild repulsion field (EV +2). [potion of mutation]
 12206 | Lair:3   | Gained mutation: You can breathe flames. [potion of mutation]
 12206 | Lair:3   | Gained mutation: Your mind is acute. (Int +2) [potion of mutation]
 12207 | Lair:3   | Lost mutation: You can breathe flames. [potion of mutation]
 12207 | Lair:3   | Gained mutation: Your muscles are strong. (Str +2) [potion of mutation]
 12208 | Lair:3   | Gained mutation: You possess an exceptional clarity of mind. [potion of mutation]
 12570 | Lair:3   | Noticed a five-headed hydra
 12585 | Lair:3   | Killed a five-headed hydra
 12585 | Lair:3   | Reached XP level 12. HP: 62/112 MP: 7/14
 12913 | Lair:3   | Noticed Maud
 12954 | Lair:3   | Killed Maud
 12954 | Lair:3   | Reached skill level 12 in Fighting
 13214 | Lair:3   | Noticed Gastronok
 13250 | Lair:3   | Killed Gastronok
 13694 | Lair:3   | Noticed a lindwurm
 13712 | Lair:3   | Noticed a lindwurm
 13844 | Lair:3   | Noticed a lindwurm
 13847 | Lair:3   | Noticed a lindwurm
 13896 | Lair:4   | Noticed a seven-headed hydra
 13912 | Lair:4   | Killed a seven-headed hydra
 13912 | Lair:4   | Acquired Okawaru's second power
 14466 | Lair:4   | Gained mutation: Your spells are a little easier to cast, but a little less powerful. [potion of mutation]
 14466 | Lair:4   | Gained mutation: You are agile. (Dex +2) [potion of mutation]
 14466 | Lair:4   | Gained mutation: You are partially covered in yellow scales (AC +2). [potion of mutation]
 14684 | Lair:4   | Found a staircase to the Shoals.
 14793 | Lair:4   | Gained mutation: You are very agile. (Dex +4) [potion of mutation]
 14793 | Lair:4   | Lost mutation: You are very agile. (Dex +4) [potion of mutation]
 15378 | Lair:4   | Reached skill level 13 in Fighting
 15533 | Lair:4   | Received a gift from Okawaru
 15555 | Lair:4   | Reached XP level 13. HP: 57/122 MP: 9/15
 16576 | Lair:5   | Found a hole to the Spider Nest.
 17870 | Lair:6   | Reached skill level 5 in Invocations
 18656 | Lair:5   | Reached skill level 14 in Fighting
 18918 | Lair:5   | Received a gift from Okawaru
 20139 | Lair:7   | Reached XP level 14. HP: 133/133 MP: 17/17
 21639 | Lair:7   | Found a runed door.
 21640 | Lair:7   | Noticed an azure jelly
 21641 | Lair:7   | Noticed an azure jelly
 21642 | Lair:7   | Noticed an azure jelly
 21646 | Lair:7   | Found a viscous altar of Jiyva.
 21646 | Lair:7   | Found a staircase to the Slime Pits.
 21681 | Lair:7   | Killed an azure jelly
 21690 | Lair:7   | Killed an azure jelly
 21690 | Lair:7   | Received a gift from Okawaru
 21730 | Lair:7   | Killed an azure jelly
 22137 | Lair:8   | Entered Level 8 of the Lair of Beasts
 22328 | Lair:8   | Noticed Snorg
 22354 | Lair:8   | Killed Snorg
 22633 | Lair:8   | Reached skill level 15 in Fighting
 23061 | Lair:8   | Got a brightly glowing hand axe
 23062 | Lair:8   | Identified the +11 hand axe of the Purple Skies {pain, +Blink} (You found it on level 8 of the Lair of Beasts)
 23115 | Lair:8   | Got a steaming scale mail
 23126 | Lair:8   | Identified the +1 scale mail "Otiy" {rPois rF- rC+ Dex+6} (You found it on level 8 of the Lair of Beasts)
 23398 | Lair:8   | Found a runed door.
 24653 | Spider:1 | Entered Level 1 of the Spider Nest
 25060 | Spider:1 | Reached XP level 15. HP: 137/141 MP: 19/19
 25146 | Spider:1 | Received a gift from Okawaru
 25147 | Spider:1 | Got a crystal trident {god gift}
 25148 | Spider:1 | Identified the +4 trident of Okawaru's Hope {freeze, rPois Int+5} (Okawaru gifted it to you on level 1 of the Spider Nest)
 25206 | Spider:1 | Reached skill level 15 in Armour
 25332 | Spider:1 | Blown up by an orb spider

Vault maps used:
D:1:      lightli_arrival_noodles, minmay_large_rounded_square
D:2:      first_bread, patterned_corridor, uniq_natasha
D:3:      overflow_temple_1_default, bloody_trog, grunt_ministairs_6
D:4:      minmay_temple_entry_poolview, uniq_duvessa, uniq_menkaure
D:5:      nicolae_qazlal_general_emergency, cheibriados_altar_1, okawaru_trees_2
D:6:      serial_shops, shop_coins, shop, hangedman_decor_opposing
D:7:      zin_purify, cheibrodos_ashenzari_chains, lemuel_round_altar
D:8:      grunt_temple_overflow_magic_moments, serial_undead, serial_undead_b,
          serial_undead_f, serial_undead_a, serial_undead_e,
          blue_anna_alchemist, minivault_14, uniq_joseph, uniq_erica
D:9:      due_lair_maze_entry_diamond, uniq_psyche
Temple:   nicolae_temple_no_exploring_needed
Lair:1:   beast_lair_carwin_large_2
Lair:2:   minmay_lair_oklob_bushes, uniq_urug, uniq_fannar
Lair:3:   minmay_lindwurm_lava, uniq_maud, uniq_gastronok
Lair:4:   minmay_shoals_entry_hut, beast_lair_carwin_4
Lair:5:   spider_nest_entry_a, grunt_megastairs_2
Lair:6:   grunt_megastairs_1
Lair:7:   slime_altar_2, lemuel_fruit_fields
Lair:8:   hangedman_lair_tendril_chambers, wormcave, uniq_snorg
Spider:1: mumra_spider_spiderweb, nicolae_spider_shape, uniq_louise

Action                   |  1- 3 |  4- 6 |  7- 9 | 10-12 | 13-15 || total
-------------------------+-------+-------+-------+-------+-------++-------
Melee: Trident           |    29 |       |       |       |    58 ||    87
       Spear             |    31 |   125 |   489 |  1183 |  1394 ||  3222
       Unarmed           |     7 |       |       |       |       ||     7
       Hand axe          |       |       |       |       |   270 ||   270
Invok: Heroism           |       |       |       |       |     2 ||     2
       Finesse           |       |       |       |       |     2 ||     2
 Abil: Evoke Invisibilit |       |       |       |       |     3 ||     3
  Use: Scroll            |     5 |     6 |     9 |     3 |    22 ||    45
       Potion            |       |       |       |     8 |     7 ||    15
 Stab: Invisible         |       |       |       |     1 |     3 ||     4
       Distracted        |       |       |       |     1 |       ||     1
  Eat: Chunk             |     1 |     2 |     6 |     3 |    12 ||    24
       Fruit             |     1 |       |       |    11 |       ||    12
       Meat ration       |       |     1 |     1 |     2 |     1 ||     5
       Beef jerky        |       |       |     1 |       |       ||     1
       Pizza             |       |       |       |     1 |     4 ||     5
       Royal jelly       |       |       |       |     1 |     2 ||     3
       Bread ration      |       |       |       |       |     2 ||     2
